 Dungeon Crawl Stone Soup version 0.27-a0-13-g87abb2d9eb (webtiles) character file.

Game seed: 12479316763959793226

40184 teolandon225 the Unseen (level 13, -8/66 HPs)
             Began as a Spriggan Enchanter on Jan 2, 2021.
             Was the Champion of Dithmenos.
             Killed from afar by a wizard (28 damage)
             ... with a lance of force
             ... on level 6 of the Lair of Beasts.
             The game lasted 01:47:47 (26956 turns).

teolandon225 the Unseen (Spriggan Enchanter)       Turns: 26956, Time: 01:47:47

Health: -8/66      AC: 10    Str: 10    XL:     13   Next: 73%
Magic:  24/24      EV: 29    Int: 18    God:    Dithmenos [******]
Gold:   1203       SH:  8    Dex: 20    Spells: 13/25 levels left

rFire    . . .     SeeInvis +   M - +5 dagger (venom)
rCold    . . .     Faith    +   Q - +0 buckler
rNeg     . . .     Spirit   .   K - +2 robe {Will+}
rPois    .         Reflect  .   (helmet restricted)
rElec    .         Harm     .   O - +1 cloak
rCorr    .         Rampage  .   (gloves unavailable)
Will     +++..                  (boots unavailable) Stlth *+++++++++
                                G - amulet of faith
HPRegen  0.21/turn              r - +4 ring of protection
MPRegen  0.19/turn              g - +6 ring of strength

@: wreathed by umbra, very quick
A: very small, unfitting armour, see invisible, speed 3
a: Renounce Religion, Shadow Step, Shadow Form


You were on level 6 of the Lair of Beasts.
You worshipped Dithmenos.
Dithmenos was exalted by your worship.
You visited 3 branches of the dungeon, and saw 20 of its levels.
You also visited: Ossuary.

You collected 1247 gold pieces.
You spent 44 gold pieces at shops.

Inventory:

Hand Weapons
 a - a +2 dagger
 m - a +0 dagger of draining
 E - a +0 rapier
 M - a +5 dagger of venom (weapon)
Armour
 K - a +2 robe of willpower (worn)
 O - a +1 cloak (worn)
 Q - a +0 buckler (worn)
Jewellery
 b - an uncursed ring of willpower
 g - a +6 ring of strength (right hand)
 i - an uncursed ring of magical power
 p - a cursed ring of magical power
 q - an uncursed ring of poison resistance
 r - a +4 ring of protection (left hand)
 C - an uncursed amulet of the acrobat
 G - an amulet of faith (around neck)
 H - an uncursed ring of flight
 J - an uncursed ring of willpower
 R - a +6 ring of strength
 S - a cursed ring of magical power
 Y - an uncursed amulet of reflection
 Z - an uncursed ring of positive energy
Wands
 t - a wand of flame (23)
 u - a wand of disintegration (43)
 A - a wand of acid (11)
 I - a wand of polymorph (9)
 L - a wand of iceblast (17)
 P - a wand of enslavement (7)
 W - a wand of paralysis (7)
Scrolls
 d - 7 scrolls of identify
 e - 5 scrolls of immolation
 j - 3 scrolls of enchant weapon
 y - 5 scrolls of remove curse
 B - 2 scrolls of amnesia
 D - 5 scrolls of magic mapping
 T - 3 scrolls of teleportation
 V - 3 scrolls of fog
Potions
 c - 3 potions of attraction
 f - a potion of might
 h - 3 potions of flight
 k - a potion of magic
 l - 8 potions of curing
 n - 4 potions of cancellation
 o - 4 potions of berserk rage
 s - 4 potions of heal wounds
 v - 3 potions of invisibility
 w - 4 potions of mutation
 x - 3 potions of ambrosia
 z - 5 potions of lignification
 F - 3 potions of brilliance
 N - a potion of resistance
 X - a potion of haste


   Skills:
 + Level 6.6 Fighting
 - Level 12.2 Short Blades
 + Level 11.5 Dodging
 + Level 16.3 Stealth
 - Level 7.2 Shields
 - Level 6.9 Spellcasting
 + Level 12.2 Hexes
 * Level 0.5 Invocations


You had 13 spell levels left.
You knew the following spells:

 Your Spells              Type           Power        Failure   Level
a - Corona                Hex            55%          1%          1
b - Ensorcelled Hibernat  Hex/Ice        56%          1%          2
c - Confusing Touch       Hex            50%          1%          3
d - Tukima's Dance        Hex            50%          1%          3
e - Dazzling Flash        Conj/Hex       56%          2%          3

Your spell library contained the following spells:

 Spells                   Type           Power        Failure   Level
 Corpse Rot               Necr/Air       N/A          17%         2
 Stone Arrow              Conj/Erth      12%          32%         3
 Irradiate                Conj/Tmut      3%           97%         5
 Summon Forest            Summ/Tloc      3%           97%         5
 Eringya's Noxious Bog    Tmut/Pois      3%           100%        6
 Hydra Form               Tmut           3%           100%        6
 Statue Form              Tmut/Erth      4%           100%        6
 Dragon Form              Tmut           3%           100%        7
 Summon Hydra             Summ           3%           100%        7


Dungeon Overview and Level Annotations

Branches:
Dungeon (13/15)            Temple (1/1) D:6            Lair (6/6) D:10
 Shoals (0/4) Lair:4       Spider (0/4) Lair:4        Slime (0/5) Lair:6
    Orc (0/2) D:12        Ossuary (visited)
 Vaults: D:13-14

Altars:
Ashenzari
Dithmenos
Fedhas
Kikubaaqudgha
Makhleb
Okawaru
Qazlal
Trog
Wu Jian
Xom
Zin
The Shining One
Jiyva

Shops:
D:7 (

Annotations:
D:3 1 runed translucent door, dillytodds's ghost, amateur DgFi
D:5 exclusion: downstairs
D:6 2 runed translucent doors, ardl's ghost, novice BaVM
D:10 2 runed translucent doors, tinescath's ghost, journeyman DsGl
D:12 1 runed translucent door, BraveToast's ghost, journeyman FoFi
Lair:3 exclusion: downstairs
Lair:5 exclusion: downstairs


Innate Abilities, Weirdness & Mutations

You are very small and have problems with some larger weapons.
You are too small for most types of armour.
You have supernaturally acute eyesight. (SInv)
You cover ground extremely quickly.


Message History

You are encased in ice.
The ice encasing you melts away. The rime drake breathes ice at you.
The flash freeze hits you!!
* * * LOW HITPOINT WARNING * * *
You are encased in ice.
Blink to where?
Press: ? - help, Dir - move target
As you read the scroll of blinking, it crumbles to dust.
The ice encasing you melts away.
(D) Dungeon (T) Temple (L) Lair (A) Shoals (N) Spider Nest (M) Slime Pits (O) Orcish Mines
Where to? (Enter - Lair:6, ? - help)
A lindwurm comes into view.
A polar bear comes into view.
A rime drake and a wizard come into view.
There is a stone staircase leading up here.
The wizard casts a spell at you. The lance of force hits you!!
You die...

♣♣..........##
♣♣♣............. ♣
........k......# ♣
♣........?.....
......♣ ♣...........#.
♣...♣♣♣ ♣....h.......#
♣♣♣♣ ♣♣♣....p......# ♣
♣......@.....## ♣♣
♣..........k... .♣♣
♣♣............. ..♣
♣............. ..♣♣
♣............. ♣..♣♣
♣............. ♣♣..♣♣♣
♣♣♣..##..##).##
♣♣♣..♣♣♣♣.....#.#..###
♣♣♣..♣......####.#


You could see a lindwurm (wandering), a polar bear (wandering), a wizard and a
rime drake (wandering).

Vanquished Creatures
  Erolcha (D:10)
  6 hydras
  A two-headed ogre (D:8)
  6 death yaks (Lair:1)
  A fire crab (Lair:6)
  An unseen horror (D:11)
  Pikel (D:5)
  A wolf spider (Lair:4)
  5 elephants (Lair:6)
  5 black mambas
  A torpor snail (Lair:5)
  Maurice (D:10)
  4 cane toads
  A rime drake (Lair:3)
  4 komodo dragons
  3 trolls
  A jumping spider (Lair:4)
  A merfolk (Lair:4)
  A polar bear (Lair:4)
  A hornet (D:11)
  A tyrant leech (Lair:2)
  13 blink frogs
  3 dream sheep (Lair:5)
  2 redbacks (Lair:4)
  4 wyverns
  A vampire (D:11)
  A wraith (D:11)
  45 yaks
  A basilisk (Lair:1)
  15 water moccasins
  3 orc warriors
  4 sky beasts
  4 phantoms
  4 black bears
  3 ice beasts
  7 ogres
  3 necrophages
  18 wolves
  4 lemures (D:6)
  A centaur (D:9)
  16 bullfrogs
  A gnoll sergeant (D:10)
  4 scorpions
  10 killer bees
  19 wights
  3 electric eels
  4 howler monkeys
  4 bullfrog zombies
  2 centaur zombies
  A bullfrog skeleton (D:11)
  6 hounds
  A gnoll shaman (D:6)
  3 orc priests
  2 human zombies (Ossuary)
  2 jellies
  7 orc wizards
  2 centaur skeletons
  7 iguanas
  5 hell rats
  10 worker ants
  2 hound skeletons
  A hound zombie (D:6)
  3 mummies (Ossuary)
  Robin (D:4)
  8 gnolls
  12 adders
  2 shadow imps
  6 white imps
  An ufetubus (D:6)
  An ooze (D:6)
  2 adder zombies
  3 adder skeletons
  4 worms
  2 dart slugs
  5 leopard geckos
  36 orcs
  A ball python (D:2)
  11 bats
  11 giant cockroaches
  20 goblins
  8 hobgoblins
  10 jackals
  4 quokkas
  6 frilled lizards
  A goblin zombie (Ossuary)
  A hobgoblin zombie (Ossuary)
  2 jackal skeletons (D:4)
  5 kobolds
  2 kobold zombies (Ossuary)
  A leopard gecko skeleton (D:4)
  An orc zombie (Ossuary)
  A quokka skeleton (D:6)
  8 rats
474 creatures vanquished.

Vanquished Creatures (collateral kills)
  2 wights
2 creatures vanquished.

Vanquished Creatures (others)
  A jelly (D:5)
  26 fungi
  41 plants
68 creatures vanquished.

Grand Total: 544 creatures vanquished

Notes
Turn   | Place    | Note
-------+----------+-------------------------------------------
     0 | D:1      | teolandon225 the Spriggan Enchanter began the quest for the
                  | Orb.
     0 | D:1      | Reached XP level 1. HP: 9/9 MP: 5/5
   235 | D:1      | Reached XP level 2. HP: 13/13 MP: 6/6
   238 | D:1      | Learned a level 2 spell: Ensorcelled Hibernation
  1040 | D:1      | Reached skill level 5 in Stealth
  1312 | D:2      | Reached XP level 3. HP: 17/17 MP: 8/8
  1625 | D:2      | Found a faded altar of an unknown god.
  1917 | D:2      | Reached XP level 4. HP: 19/21 MP: 5/9
  2008 | D:2      | Learned a level 3 spell: Confusing Touch
  2012 | D:2      | Learned a level 3 spell: Tukima's Dance
  2385 | D:3      | Found a runed translucent door.
  2639 | D:3      | Noticed dillytodds's ghost (amateur DgFi)
  3196 | D:3      | Noticed a bullfrog
  3340 | D:3      | Killed a bullfrog
  3341 | D:3      | Reached skill level 1 in Fighting
  3341 | D:3      | Reached skill level 6 in Stealth
  3341 | D:3      | Reached XP level 5. HP: 23/25 MP: 7/11
  3792 | D:3      | Found a burning altar of Makhleb.
  4265 | D:4      | Noticed an ogre
  4289 | D:4      | Killed an ogre
  4290 | D:4      | Reached XP level 6. HP: 30/30 MP: 9/12
  4563 | D:4      | Noticed Robin
  5491 | D:4      | Killed Robin
  6390 | D:4      | Reached skill level 7 in Stealth
  6414 | D:4      | Reached XP level 7. HP: 33/34 MP: 6/14
  6539 | D:5      | Entered Level 5 of the Dungeon
  6911 | D:5      | Found a stormy altar of Qazlal.
  7417 | D:5      | Reached skill level 5 in Dodging
  7417 | D:5      | Reached skill level 5 in Hexes
  7442 | D:5      | Reached skill level 8 in Stealth
  7647 | D:5      | Learned a level 3 spell: Dazzling Flash
  8038 | D:6      | Reached skill level 5 in Short Blades
  8117 | D:6      | Found a sand-covered staircase.
  8123 | Ossuary  | Entered an ossuary
  8387 | Ossuary  | Reached XP level 8. HP: 39/39 MP: 12/16
  8689 | D:6      | Found a large runed translucent door.
  8689 | D:6      | Found a large runed translucent door.
  8690 | D:6      | Noticed ardl's ghost (novice BaVM)
  8727 | D:6      | Noticed Pikel
  8993 | D:5      | Reached skill level 9 in Stealth
  9209 | D:5      | Reached skill level 5 in Spellcasting
  9441 | D:6      | Found a staircase to the Ecumenical Temple.
  9459 | Temple   | Entered the Ecumenical Temple
  9478 | Temple   | Became a worshipper of Dithmenos the Shadowed
 10487 | D:5      | Killed Pikel
 10488 | D:5      | Reached skill level 10 in Stealth
 10488 | D:5      | Reached XP level 9. HP: 44/44 MP: 4/18
 11071 | D:7      | Found Ygusoat's Weapon Shoppe.
 12063 | D:7      | Reached * piety under Dithmenos
 12604 | D:7      | Reached skill level 11 in Stealth
 12733 | D:7      | Bought a +0 rapier for 44 gold pieces
 13789 | D:8      | Noticed a two-headed ogre
 13798 | D:8      | Killed a two-headed ogre
 13799 | D:8      | Reached XP level 10. HP: 49/49 MP: 19/21
 14178 | D:8      | Reached skill level 12 in Stealth
 14384 | D:8      | Reached ** piety under Dithmenos
 15828 | D:9      | Found a bloodstained altar of Trog.
 16270 | D:10     | Entered Level 10 of the Dungeon
 16280 | D:10     | Found a large runed translucent door.
 16280 | D:10     | Found a large runed translucent door.
 16280 | D:10     | Noticed tinescath's ghost (journeyman DsGl)
 16837 | D:10     | Reached *** piety under Dithmenos
 16857 | D:10     | Found a staircase to the Lair.
 17144 | D:10     | Noticed Maurice
 17147 | D:10     | Killed Maurice
 17439 | D:10     | Noticed Erolcha
 17445 | D:10     | Killed Erolcha
 17446 | D:10     | Reached XP level 11. HP: 54/54 MP: 19/22
 17484 | D:10     | Reached skill level 13 in Stealth
 17616 | D:10     | Reached skill level 5 in Fighting
 18044 | D:11     | Reached skill level 1 in Shields
 18154 | D:11     | Reached **** piety under Dithmenos
 18175 | D:11     | Noticed an unseen horror
 18182 | D:11     | Killed an unseen horror
 18724 | D:12     | Found a staircase to the Orcish Mines.
 18796 | D:12     | Found a runed translucent door.
 18801 | D:12     | Noticed BraveToast's ghost (journeyman FoFi)
 19105 | D:12     | Noticed a six-headed hydra
 19112 | D:12     | Killed a six-headed hydra
 19113 | D:12     | Reached skill level 5 in Shields
 19792 | Lair:1   | Entered Level 1 of the Lair of Beasts
 19861 | Lair:1   | Found a bloodstained altar of Trog.
 20098 | Lair:1   | Noticed a five-headed hydra
 20104 | Lair:1   | Killed a five-headed hydra
 20573 | Lair:1   | Reached ***** piety under Dithmenos
 20833 | Lair:2   | Reached XP level 12. HP: 60/60 MP: 23/23
 20893 | Lair:2   | Noticed a death yak
 20896 | Lair:2   | Noticed a death yak
 20896 | Lair:2   | Noticed a death yak
 20897 | Lair:2   | Noticed a death yak
 20897 | Lair:2   | Noticed a death yak
 20936 | Lair:2   | Noticed a death yak
 21011 | Lair:1   | Killed a death yak
 21014 | Lair:1   | Killed a death yak
 21202 | Lair:1   | Killed a death yak
 21203 | Lair:1   | Reached skill level 10 in Short Blades
 21427 | Lair:1   | Killed a death yak
 21436 | Lair:1   | Killed a death yak
 21741 | Lair:1   | Killed a death yak
 21742 | Lair:1   | Reached skill level 10 in Hexes
 21867 | Lair:1   | Reached skill level 14 in Stealth
 21956 | Lair:2   | Reached skill level 10 in Dodging
 22240 | Lair:2   | Upgraded the game from 0.27-a0-3-gcf006a40f5 to
                  | 0.27-a0-13-g87abb2d9eb
 22960 | Lair:3   | Reached XP level 13. HP: 53/65 MP: 20/24
 23074 | Lair:3   | Reached skill level 15 in Stealth
 24889 | Lair:4   | Found a staircase to the Shoals.
 24976 | Lair:4   | Found a hole to the Spider Nest.
 25991 | Lair:5   | Reached skill level 16 in Stealth
 26641 | Lair:6   | Entered Level 6 of the Lair of Beasts
 26650 | Lair:6   | Reached ****** piety under Dithmenos
 26657 | Lair:6   | Found a viscous altar of Jiyva.
 26658 | Lair:6   | Found a staircase to the Slime Pits.
 26956 | Lair:6   | Killed from afar by a wizard

Illustrated notes

Levels and vault maps discovered:
D:1:      scummos_arrival_simple_fountains, layout_loops_corners
D:2:      layout_loops_corners, chequers_ecumenical_altar_simple, serial_glass,
          glass_columns_a, glass_columns_a, minmay_strange_pillars
D:3:      layout_loops_cross, ebering_ghost_sewer_d, bloody_makhleb
D:4:      layout_basic, minmay_pentangle, uniq_robin
D:5:      layout_loops_ring, grunt_qazlal_clouds
D:6:      layout_rooms, minmay_temple_entry_drinking_statues,
          ebering_ghost_disaster_area, enter_ossuary_3, uniq_pikel
D:7:      layout_basic, serial_shops, nicolae_shop_trees, minmay_checkerbox
D:8:      wad_crossroads, layout_layer_cave, hangedman_abyss_or_decor_passed
D:9:      layout_cross, lightli_temple_of_fire, enter_bailey_3
D:10:     layout_roguey, erik_lair_island, ebering_ghost_disaster_area,
          uniq_maurice, uniq_erolcha
D:11:     layout_roguey
D:12:     layout_stronghold, orc_0_dummy, ebering_ghost_reflecting_pool
D:13:     layout_long_grid, gammafunk_ghost_arena, trove_entry_hex_spiral,
          hangedman_decor_clover_reticule, minivault_14, fountainhead,
          uniq_josephine, uniq_sonja, uniq_frances
Temple:   compressed_dpeg_circular_temple
Lair:1:   layout_roguey, basic_altar
Lair:2:   layout_hall_layers, mumra_transporter_accident, st_stairs_11,
          worms_lemuel
Lair:3:   layout_gridlike, beast_lair_carwin_5
Lair:4:   layout_long_grid, elwin_shoals_entry_rooms,
          spider_nest_entry_funnel_web
Lair:5:   layout_layer_cave, cheibrodos_lair_caveside_slide, grunt_megastairs_2
Lair:6:   evil_forest, layout_long_grid, dpeg_slime_entry_enclosed_altar,
          basic_altar, zaba_antful_of_joy

Skill      XL: |  1  2  3  4  5  6  7  8  9 10 11 12 13 |
---------------+----------------------------------------+-----
Stealth        | 5 6 7 8 10 11 12 13 14 16 | 16.3
Spellcasting   | 3 4 5 6 |  6.9
Short Blades   | 2 3 4 5 6 8 9 11 12 | 12.2
Hexes          | 4 5 6 7 8 9 11 12 | 12.2
Fighting       | 1 2 3 4 5 6 |  6.6
Dodging        | 4 5 6 7 9 10 11 | 11.5
Shields        | 7 |  7.2
Invocations    | |  0.5

Action                   |  1- 3 |  4- 6 |  7- 9 | 10-12 | 13-15 || total
-------------------------+-------+-------+-------+-------+-------++-------
Melee: Dagger            |    81 |   253 |   458 |   565 |   196 ||  1553
 Cast: Corona            |     5 |     1 |     4 |       |       ||    10
       Ensorcelled Hiber |    17 |    60 |    76 |   130 |    65 ||   348
       Confusing Touch   |       |     5 |    26 |    18 |     1 ||    50
       Tukima's Dance    |       |     2 |     2 |     1 |       ||     5
       Dazzling Flash    |       |       |     3 |    45 |    15 ||    63
Invok: Shadow Step       |       |       |       |       |     2 ||     2
  Use: Scroll            |     6 |     4 |    11 |     8 |     4 ||    33
       Potion            |       |     3 |     1 |     1 |       ||     5
 Stab: Sleeping          |    22 |    36 |    59 |   112 |    49 ||   278
       Distracted        |       |     1 |     8 |     8 |       ||    17
       Confused          |       |     2 |    23 |    18 |     1 ||    44
       Invisible         |       |       |     5 |    22 |     6 ||    33
Armor: Robe              |     7 |    29 |    21 |    21 |     5 ||    83
Dodge: Dodged            |    47 |   176 |   284 |   437 |   122 ||  1066
Block: Buckler           |       |       |       |    31 |    62 ||    93

Table legend: (Time is in decaauts)
 A = Elapsed time spent in this place.
 B = Non-inter-level travel time spent in this place.
 C = Inter-level travel time spent in this place.
 D = Time resting spent in this place.
 E = Time spent auto-exploring this place.
 F = Levels seen in this place.
 G = Mean time per level.
                   A        B        C        D        E       F      G
               +--------+--------+--------+--------+--------+-----+--------+
         Total |  20296 |  19667 |    629 |   4879 |   8534 |  21 |  966.5 |
       Dungeon |  14620 |  14236 |    384 |   4001 |   5787 |  13 | 1124.6 |
        Temple |     21 |     15 |      6 |      0 |      7 |   1 |   21.0 |
          Lair |   5198 |   4959 |    239 |    607 |   2739 |   6 |  866.3 |
       Ossuary |    455 |    455 |      0 |    271 |      0 |   1 |  455.0 |
               +--------+--------+--------+--------+--------+-----+--------+

Top non-repeatable levels by time:
     D:4: 2385 daAuts
     D:5: 1738 daAuts
     D:7: 1481 daAuts
     D:8: 1479 daAuts
  Lair:1: 1275 daAuts
  Lair:3: 1226 daAuts
  Lair:4: 1209 daAuts
     D:3: 1155 daAuts
     D:9: 1126 daAuts
     D:6: 1120 daAuts
     D:2: 1051 daAuts
    D:10: 1037 daAuts
     D:1: 887 daAuts
  Lair:5: 833 daAuts
    D:12: 754 daAuts
